 Dungeon Crawl Stone Soup version 0.28.0-43-g3370ac3207 (webtiles) character file.

Game seed: 2618896728641893510

98 Peloso the Slasher (level 4, 0/40 HPs)
             Began as a Minotaur Fighter on Mar 24, 2022.
             Slain by a gnoll
             ... wielding a +0 halberd
              (12 damage)
             ... on level 3 of the Dungeon.
             The game lasted 00:02:18 (2245 turns).

Peloso the Slasher (Minotaur Fighter)               Turns: 2245, Time: 00:02:19

Health: 0/40       AC:  7    Str: 20    XL:     4   Next: 44%
Magic:  3/3        EV:  5    Int:  5    God:
Gold:   106        SH:  0    Dex: 12    Spells: 3/3 levels left

rFire   . . .      SeeInvis .   a - +0 long sword
rCold   . . .      Faith    .   c - +0 buckler
rNeg    . . .      Spirit   .   b - +0 scale mail
rPois   .          Reflect  .   (helmet restricted)
rElec   .          Harm     .   (no cloak)
rCorr   .          Rampage  .   (no gloves)
Will    .....                   (no boots)
Stlth   ..........              (no amulet)
HPRegen 0.13/turn               (no ring)
MPRegen 0.08/turn               (no ring)

@: held
A: horns 2, retaliatory headbutt
a: no special abilities


You were on level 3 of the Dungeon.
You visited 1 branch of the dungeon, and saw 3 of its levels.

You collected 106 gold pieces.

Inventory:

Hand Weapons
 a - a +0 long sword (weapon)
Armour
 b - a +0 scale mail (worn)
 c - a +0 buckler (worn)
Jewellery
 m - an amulet of guardian spirit
Scrolls
 e - a scroll of immolation {unknown}
 f - a scroll of identify {unknown}
 g - a scroll of acquirement {unknown}
 h - a scroll of magic mapping {unknown}
 i - 2 scrolls of amnesia {unknown}
 j - a scroll of blinking {unknown}
 l - a scroll of vulnerability {unknown}
Potions
 d - a potion of might
 k - a potion of flight {unknown}


   Skills:
 + Level 4.2 Fighting
 + Level 4.7 Long Blades
 + Level 4.1 Armour
 + Level 0.1 Dodging
 + Level 3.9 Shields


You had 3 spell levels left.
You didn't know any spells.
Your spell library contained the following spells:

 Spells                   Type           Power      Damage    Failure   Level
 Animate Skeleton         Necr           0%         N/A       89%         1
 Pain                     Necr           0%         1d4       89%         1
 Vampiric Draining        Necr           0%         2d6       99%         3


Dungeon Overview and Level Annotations

Branches:
Dungeon (3/15)

Altars:


Innate Abilities, Weirdness & Mutations

You have a pair of horns on your head.
You reflexively headbutt those who attack you in melee.


Message History

The gnoll hits you with a +0 halberd. The gnoll hits you but does no damage.
You climb upwards.
There is a stone staircase leading down here.
Unknown command.
You hit the gnoll but do no damage. You block the gnoll's attack.
The gnoll closely misses you. You furiously retaliate!
You headbutt the gnoll. You slash the gnoll!
The gnoll is almost dead.
The gnoll hits you but does no damage.
You hit the gnoll but do no damage. You headbutt the gnoll.
You kill the gnoll!
You see here a +0 halberd.
There is a stone staircase leading down here.
You climb downwards.
The gnoll barely misses you.
There is a stone staircase leading up here.
Unknown command.
You slash the gnoll!
The gnoll is almost dead.
The gnoll closely misses you. The gnoll hits you with a +0 flail.
You closely miss the gnoll.
The gnoll is almost dead.
You block the gnoll's attack. x3; The gnoll hits you but does no damage.
You barely miss the gnoll.
The gnoll is almost dead.
The gnoll closely misses you.
The gnoll throws a throwing net.
The throwing net hits you.
You become entangled in the net!
The gnoll hits you with a +0 flail. The gnoll hits you with a +0 flail!
You see here a throwing net.
You struggle against the net.
The gnoll hits you with a +0 flail. x2
You struggle against the net.
The gnoll hits you with a +0 flail. The gnoll barely misses you.
You struggle against the net.
The gnoll barely misses you. The gnoll hits you but does no damage.
The gnoll barely misses you.
You struggle against the net.
The gnoll barely misses you. x2
The gnoll hits you with a +0 flail.
* * * LOW HITPOINT WARNING * * *
You struggle against the net.
The gnoll hits you from afar with a +0 halberd!
You die...

#.......# #....g#
##.......##.###....#
#.........#........#
##.......######.####
#.......# #.# #.......#
#.### ##.#..### #g#.##
###...#.########....####
...............g@..(...+
###.......#####.#.#
#...## #.##..#.# #.###
#.##.##.# #.# #.##.##.#
#.# #.##.##.# #.# #
#.......# #.#


You could see 3 gnolls.

Vanquished Creatures
  A gnoll shaman (D:3)
  An adder (D:2)
  A gnoll (D:2)
  A worm (D:2)
  A dart slug (D:1)
  2 endoplasms (D:1)
  A giant cockroach (D:1)
  2 goblins
  4 hobgoblins
  4 jackals (D:2)
  5 kobolds
  4 quokkas (D:1)
  6 ball pythons
  6 bats
  5 rats (D:1)
44 creatures vanquished.

Notes
Turn   | Place    | Note
-------+----------+-------------------------------------------
     0 | D:1      | Peloso the Minotaur Fighter began the quest for the Orb.
     0 | D:1      | Reached XP level 1. HP: 19/19 MP: 0/0
   210 | D:1      | Reached XP level 2. HP: 27/27 MP: 1/1
   798 | D:1      | Found a faded altar of an unknown god.
   952 | D:1      | Reached XP level 3. HP: 33/33 MP: 2/2
  2141 | D:3      | Reached XP level 4. HP: 28/40 MP: 3/3
  2245 | D:3      | Slain by a gnoll

Illustrated notes

Levels and vault maps discovered:
D:1:      kilobyte_arrival_exit_the_forest, layout_basic,
          nicolae_ecumenical_snake_handling, patterned_corridor
D:2:      layout_basic
D:3:      layout_loops_corners

Skill      XL: |  1  2  3 |
---------------+----------+-----
Long Blades    | 3 4 |  4.7
Armour         | 4 |  4.1
Fighting       | 4 |  4.2
Dodging        | |  0.1
Shields        | |  3.9

Action                   |  1- 3 |  4- 6 || total
-------------------------+-------+-------++-------
Melee: Long sword        |    99 |     6 ||   105
       Headbutt          |    12 |     1 ||    13
Armor: Scale mail        |    52 |     4 ||    56
Dodge: Dodged            |    45 |    12 ||    57
Block: Buckler           |    32 |     4 ||    36
